 Dungeon Crawl Stone Soup version 0.27.1 (webtiles) character file.

Game seed: 18029295351987395658

28 Ishikawa the Skirmisher (level 2, -10/24 HPs)
             Began as a Demonspawn Fighter on Sept 3, 2021.
             Mangled by a kobold (16 damage)
             ... on level 2 of the Dungeon.
             The game lasted 00:01:52 (1002 turns).

Ishikawa the Skirmisher (Demonspawn Fighter)        Turns: 1002, Time: 00:01:52

Health: -10/24     AC:  6    Str: 16    XL:     2   Next: 96%
Magic:  2/2        EV:  7    Int:  9    God:
Gold:   71         SH:  8    Dex: 12    Spells: 1/1 levels left

rFire    . . .     SeeInvis .   a - +0 long sword
rCold    . . .     Faith    .   c - +0 kite shield
rNeg     . . .     Spirit   .   b - +0 scale mail
rPois    .         Reflect  .   (no helmet)
rElec    .         Harm     .   (no cloak)
rCorr    .         Rampage  .   (no gloves)
Will     .....                  (no boots)
Stlth    ..........             (no amulet)
HPRegen  0.08/turn              (no ring)
MPRegen  0.16/turn              (no ring)

@: no status effects
A: magic regeneration
a: no special abilities


You were on level 2 of the Dungeon.
You visited 1 branch of the dungeon, and saw 2 of its levels.

You collected 71 gold pieces.

Inventory:

Hand Weapons
 a - a +0 long sword (weapon)
Armour
 b - a +0 scale mail (worn)
 c - a +0 kite shield (worn)
Scrolls
 f - 3 scrolls of identify {unknown}
 g - a scroll of immolation {unknown}
 i - a scroll of teleportation {unknown}
 j - a scroll of vulnerability {unknown}
Potions
 d - a potion of might
 e - a potion of berserk rage {unknown}
 h - a potion of lignification {unknown}
 k - a potion of magic {unknown}


   Skills:
 * Level 3.1 Fighting
 * Level 2.0 Long Blades
 * Level 3.1 Armour
 * Level 0.3 Dodging
 * Level 0.2 Stealth
 * Level 3.0 Shields
 * Level 0.1 Spellcasting


You had one spell level left.
You didn't know any spells.
Your spell library was empty.

Dungeon Overview and Level Annotations

Branches:
Dungeon (2/15)

Altars:


Innate Abilities, Weirdness & Mutations

You regenerate magic rapidly.


Message History

The ball python bites you but does no damage.
The ball python constricts you.
You hit the ball python.
You kill the ball python!
You open the door.
Found 19 stones.
There is an open door here.
You see here 19 stones.
You open the gate. 5 kobolds come into view.
A kobold is wielding a +0 dagger of electrocution.
The kobold shouts! x5; You hear a shout!
Found a mace.
You barely miss the kobold.
A kobold comes into view. It is wielding a +0 dagger.
The kobold throws a stone.
You block the stone. The kobold barely misses you.
You slash the kobold!
You kill the kobold!
The kobold throws a stone.
The stone hits you but does no damage. You block the kobold's attack.
Things that are here:
a +0 whip; a kobold corpse You closely miss the kobold.
You block the kobold's attack. The kobold closely misses you.
You closely miss the kobold. The kobold hits you with a +0 whip.
The kobold barely misses you.
You riposte.
You hit the kobold but do no damage. You hit the kobold.
You kill the kobold!
The kobold hits you but does no damage. x2
You hit the kobold but do no damage. The kobold hits you but does no damage.
You are electrocuted!
Ouch! That really hurt!
The kobold barely misses you.
You closely miss the kobold. You block the kobold's attack.
You hit the kobold but do no damage. You block the kobold's attack.
The kobold hits you with a +0 dagger of electrocution.
* * * LOW HITPOINT WARNING * * *
You are electrocuted!
Ouch! That really hurt!
You die...

############# ............#
............# ............# #
............###### #
......###.########........(.#
.
............KK@..'..........+
.....#.#.##K#####..........#
# ##..# #....### #...###.####
. ...# ##.....# #...###'####
####..# ##''K## #...##.....#
......## #...# ######.....#
.....†.# ..... #.....#
.....#.# ....... #.....#
.....#.# #.......# #.....#


You could see 3 kobolds.

Vanquished Creatures
  A dart slug (D:2)
  A worm (D:2)
  5 endoplasms
  2 giant cockroaches (D:1)
  2 goblins (D:1)
  2 hobgoblins
  2 ball pythons (D:2)
  2 bats
  4 kobolds
  A rat (D:2)
22 creatures vanquished.

Vanquished Creatures (others)
  6 toadstools (D:2)
6 creatures vanquished.

Grand Total: 28 creatures vanquished

Notes
Turn   | Place    | Note
-------+----------+-------------------------------------------
     0 | D:1      | Ishikawa the Demonspawn Fighter began the quest for the
                  | Orb.
     0 | D:1      | Reached XP level 1. HP: 18/18 MP: 1/1
   426 | D:1      | Gained mutation: You regenerate magic rapidly. [demonic
                  | ancestry]
   426 | D:1      | Reached XP level 2. HP: 24/24 MP: 2/2
  1002 | D:2      | Mangled by a kobold

Illustrated notes

Levels and vault maps discovered:
D:1:      lightli_molten_gateway, layout_rooms
D:2:      cheibrodos_fertilizer, layout_basic, minmay_pentomino_x4

Skill      XL: |  1  2 |
---------------+-------+-----
Armour         | 3 |  3.1
Shields        | 3 |  3.0
Long Blades    | 2 |  2.0
Fighting       | |  3.1
Dodging        | |  0.3
Stealth        | |  0.2
Spellcasting   | |  0.1

Action                   || total
-------------------------++-------
Melee: Long sword        ||    68
Armor: Scale mail        ||    51
Dodge: Dodged            ||    21
Block: Kite shield       ||    31
       Rpst.: Long sword ||     7
